 Dungeon Crawl Stone Soup version 0.24-a0-525-g9231cdcba1 (webtiles) character file.

Game seed: 11843095159254096707

277440 GordonOverkill the Warrior (level 18, -11/258 HPs)
             Began as a Demigod Fire Elementalist on July 31, 2019.
             Mangled by a sphinx simulacrum (22 damage)
             ... animated by a necromancer
             ... on level 2 of the Vaults on Aug 1, 2019.
             The game lasted 01:37:10 (51235 turns).

GordonOverkill the Warrior (DgFE)                  Turns: 51235, Time: 01:37:11

Health: -11/258    AC: 22    Str: 31    XL:     18   Next: 88%
Magic:  30/30      EV: 17    Int: 15    God:
Gold:   1261       SH: 15    Dex: 24    Spells: 20/20 levels left

rFire    + + .     SeeInvis .   a - +9 broad axe (flame)
rCold    . . .     Gourm    .   g - +0 shield
rNeg     + . .     Faith    .   f - +0 fire dragon scales
rPois    +         Spirit   .   V - +2 hat {MR+}
rElec    .         Reflect  .   W - +2 cloak {+Inv}
rCorr    .         Harm     .   r - +0 pair of gloves
MR       ++...                  w - +2 pair of boots
Stlth    ..........             G - amulet of rage
HPRegen  0.53/turn              I - ring of Cunu {+Fly rPois Str+3 Dex+3}
MPRegen  0.22/turn              R - ring of Teriregu {rC+ rN+ Int-4 Dex+5}

@: berserking (expiring), very quick
A: high mp 1
}: 2/15 runes: decaying, gossamer
a: Evoke Berserk Rage, Evoke Invisibility, Evoke Flight


You were on level 2 of the Vaults.
You were hungry.

You visited 6 branches of the dungeon, and saw 33 of its levels.
You also visited: Ossuary and Volcano.

You collected 4026 gold pieces.
You spent 2765 gold pieces at shops.

Inventory:

Hand Weapons
 a - a +9 broad axe of flaming (weapon)
 b - the +1 broad axe of Uskayaw's Hope {holy, Str+10 SInv}
   (You found it on level 7 of the Dungeon)

   It has been blessed by the Shining One to cause great damage to the undead
   and demons.
   It affects your strength (+10).
   It lets you see invisible.
Missiles
 y - 29 boomerangs (quivered)
 K - 3 throwing nets
Armour
 f - +0 fire dragon scales (worn)
 g - a +0 shield (worn)
 o - a scarf of resistance
 r - a +0 pair of gloves (worn)
 w - a +2 pair of boots (worn)
 V - a +2 hat of magic resistance (worn)
 W - a +2 cloak of invisibility (worn)
Jewellery
 G - an amulet of rage (around neck)
 I - the ring of Cunu (left hand) {+Fly rPois Str+3 Dex+3}
   (You found it on level 7 of the Dungeon)

   [ring of dexterity]

   It affects your strength (+3).
   It affects your dexterity (+3).
   It protects you from poison.
   It lets you fly.
 Q - the ring "Zikowid" {Fire *Corrode rElec MR++ Int+9}
   (You found it on level 3 of the Spider Nest)

   [ring of fire]

   It enhances your fire magic.
   It affects your intelligence (+9).
   It protects you from fire.
   It makes you vulnerable to cold.
   It insulates you from electricity.
   It affects your resistance to hostile enchantments.
   It may corrode you when you take damage.
 R - the ring of Teriregu (right hand) {rC+ rN+ Int-4 Dex+5}
   (You found it on level 3 of the Spider Nest)

   [ring of positive energy]

   It affects your intelligence (-4).
   It affects your dexterity (+5).
   It protects you from cold.
   It protects you from negative energy.
 T - an uncursed amulet of regeneration
Wands
 p - a wand of clouds (4)
 u - a wand of digging (14)
 C - a wand of acid (12)
 D - a wand of flame (19)
 E - a wand of iceblast (7)
 H - a wand of scattershot (7)
Scrolls
 d - 3 scrolls of enchant armour
 k - 12 scrolls of teleportation
 n - a scroll of identify
 q - 15 scrolls of remove curse
 z - 5 scrolls of magic mapping
 F - a scroll of blinking
 J - 3 scrolls of enchant weapon
 N - 2 scrolls of holy word
 P - a scroll of torment
 S - 5 scrolls of fog
 X - 4 scrolls of fear
 Z - 2 scrolls of silence
Potions
 e - 10 potions of curing
 i - 6 potions of resistance
 j - 5 potions of agility
 l - 15 potions of lignification
 m - 8 potions of ambrosia
 s - 3 potions of mutation
 t - 2 potions of flight
 v - 5 potions of haste
 x - 2 potions of cancellation
 L - 7 potions of heal wounds
 M - 2 potions of might
 O - 4 potions of berserk rage
 Y - a potion of invisibility
Miscellaneous
 h - a fan of gales
 B - a phial of floods
Comestibles
 c - 43 rations
 A - 5 chunks of flesh


   Skills:
 + Level 18.1 Fighting
 - Level 18.0 Axes
 - Level 11.0 Armour
 - Level 8.0 Dodging
 - Level 1.7 Stealth
 + Level 12.2 Shields
 - Level 1.7 Spellcasting
   Level 0.8 Conjurations
   Level 2.6 Fire Magic
 - Level 10.0 Evocations


You had 20 spell levels left.
You didn't know any spells.
Your spell library contained the following spells:

 Spells                   Type           Power        Failure   Level  Hunger
 Flame Tongue             Conj/Fire      #....        30%         1    ##.....
 Throw Flame              Conj/Fire      #.....       43%         2    ###....
 Animate Skeleton         Necr           N/A          54%         1    ##.....
 Pain                     Necr           #...         54%         1    ##.....
 Ensorcelled Hibernation  Hex/Ice        #.....       67%         2    ###....
 Conjure Flame            Conj/Fire      #.......     67%         3    ####...
 Inner Flame              Hex/Fire       #.......     73%         3    ####...
 Regeneration             Chrm/Necr      #.........   88%         3    ####...
 Vampiric Draining        Necr           #.........   88%         3    ####...
 Sticky Flame             Conj/Fire      #.......     97%         4    #####..
 Animate Dead             Necr           N/A          99%         4    #####..
 Bolt of Magma            Conj/Fire/Erth #.........   100%        5    ######.
 Borgnjor's Vile Clutch   Necr/Erth      #.........   100%        5    ######.
 Fireball                 Conj/Fire      #.........   100%        5    ######.
 Iskenderun's Battlesphe  Conj/Chrm      #.......     100%        5    ######.
 Silence                  Hex/Air        #.........   100%        5    ######.
 Venom Bolt               Conj/Pois      #.........   100%        5    ######.
 Darkness                 Hex            #.........   100%        6    #######
 Iron Shot                Conj/Erth      #.........   100%        6    #######
 Shadow Creatures         Summ           N/A          100%        6    #######
 Orb of Destruction       Conj           #.........   100%        7    #######
 Spellforged Servitor     Conj/Summ      #.........   100%        7    #######


Dungeon Overview and Level Annotations

Branches:
Dungeon (15/15)            Temple (0/1) D:4            Lair (6/6) D:9
  Swamp (4/4) Lair:4       Spider (4/4) Lair:2        Slime (0/5) Lair:5
    Orc (2/2) D:9             Elf (0/3) Orc:2        Vaults (2/5) D:13
  Crypt (0/3) Vaults:2     Depths (0/5) D:15

Shops:
D:4 %   D:9 *   D:12 !   D:13 (   Orc:2 *??%?   Vaults:2 }

Portals:
Trove: D:14 (give 11 potions of heal wounds)

Annotations:
D:9 3 runed translucent doors, BluebellGnoll's ghost, novice GnEE
Lair:2 exclusion: 3 oklob plants


Innate Abilities, Weirdness & Mutations

You have an increased reservoir of magic. (+10% MP)


Message History

The sphinx simulacrum completely resists.
The bolt of cold hits you!!
* * * LOW HITPOINT WARNING * * *
The sphinx simulacrum misses you.
You block the sphinx simulacrum's attack.
The sphinx simulacrum hits you.
* * * LOW HITPOINT WARNING * * *
The sphinx simulacrum freezes you!!!
* * * LOW HITPOINT WARNING * * *
Things that are here:
a chunk of flesh; a sphinx corpse; a harpy skeleton You slash the sphinx simulacrum!
You melt the sphinx simulacrum.
The sphinx simulacrum is moderately damaged.
You feel a strong urge to attack something.
The sphinx simulacrum barely misses you.
You block the sphinx simulacrum's attack.
The sphinx simulacrum hits you.
* * * LOW HITPOINT WARNING * * *
The sphinx simulacrum freezes you!!
You die...

###### #######
#..... #.@.).#
#.....
##.Z%#########.....
##...##......'[....
#...p.#......#.....
##...##......#.....
##...##......######
#.....#).....#
##...##())...#
##...##()....#


You could see a necromancer and a sphinx simulacrum.

Vanquished Creatures
  the Lernaean hydra (Swamp:4)
  2 sphinxes (Vaults:2)
  A quicksilver dragon (Vaults:2)
  Roxanne (Spider:2)
  A thorn hunter (Swamp:3)
  Agnes (Spider:2)
  2 deep elf sorcerers (Vaults:2)
  Aizul (Swamp:4)
  5 vault wardens
  3 ghost moths
  7 emperor scorpions (Spider:4)
  A vampire knight (Vaults:2)
  A war gargoyle (Vaults:2)
  10 ironheart preservers
  A stone giant (Vaults:2)
  2 deep elf demonologists (Vaults:2)
  2 entropy weavers (Spider:2)
  2 spark wasps
  A fire dragon (Vaults:1)
  Josephine (Swamp:1)
  4 deep elf death magi (Vaults:2)
  7 yaktaur captains
  An ice dragon (Vaults:2)
  A vault guard (Vaults:1)
  21 hydras
  A shambling mangrove (Swamp:4)
  Erolcha (Orc:2)
  3 ghost crabs
  28 two-headed ogres
  4 catoblepae
  13 alligators
  8 centaur warriors
  2 death knights
  2 deep troll earth magi (Vaults:2)
  A tengu warrior (D:13)
  9 death yaks (Lair:6)
  9 ogre magi
  A deep elf knight (Vaults:1)
  A shadow wraith (Vaults:2)
  A fire crab (shapeshifter) (Vaults:1)
  An unseen horror (shapeshifter) (Vaults:2)
  A hell knight (Volcano)
  4 deep trolls
  A skeletal warrior (Vaults:2)
  3 unseen horrors
  14 swamp dragons
  2 wizards (Vaults:2)
  2 necromancers
  5 ironbrand convokers
  Pikel (D:6)
  9 orc knights
  5 deep elf archers
  A harpy (Vaults:2)
  2 phantasmal warriors (Vaults:2)
  A harpy (shapeshifter) (D:13)
  A lindwurm (Lair:6)
  22 wolf spiders
  19 ugly things
  4 manticores
  17 orb spiders
  An orc sorcerer (Orc:2)
  14 cyclopes
  A moth of wrath (Spider:4)
  2 elephants (Lair:6)
  3 deep elf magi
  A centaur zombie (D:14)
  5 black mambas
  4 vault sentinels
  14 spiny frogs
  Joseph (D:7)
  2 molten gargoyles (Volcano)
  4 rime drakes
  An efreet (D:15)
  A redback zombie (D:13)
  4 freezing wraiths
  2 kobold demonologists (D:13)
  7 komodo dragons
  28 yaktaurs
  17 demonic crawlers
  9 trolls
  A polar bear (shapeshifter) (Vaults:2)
  35 jumping spiders
  2 tengu conjurers (D:14)
  A human skeleton (Vaults:2)
  A wind drake (shapeshifter) (D:13)
  2 polar bears
  7 tyrant leeches
  42 slime creatures
  7 hornets
  30 blink frogs
  A frost giant simulacrum (Vaults:2)
  8 dream sheep
  10 hippogriffs
  5 bog bodies
  A dream sheep (shapeshifter) (D:13)
  A stone giant simulacrum (Vaults:1)
  An ettin zombie (Vaults:2)
  A meliai zombie (D:14)
  5 shadows
  5 spriggans
  12 wraiths
  71 redbacks
  2 wyverns
  2 vampires
  8 fire bats
  Eustachio (D:5)
  35 tarantellas
  8 basilisks
  55 yaks
  A human (shapeshifter) (Vaults:2)
  6 humans (D:7)
  14 vampire mosquitoes
  9 wargs
  A steam dragon (D:8)
  21 swamp worms
  12 insubstantial wisps
  A soldier ant (D:13)
  15 water moccasins
  Duvessa (D:4)
  3 acid dragons
  4 porcupines
  2 hell hounds (Lair:5)
  13 swamp drakes
  26 orc warriors
  2 sky beasts
  An ice beast (D:7)
  A black bear (D:10)
  An elf zombie (Vaults:1)
  An eye of draining (D:7)
  An eye of draining (shapeshifter) (Vaults:1)
  A necrophage (D:9)
  4 phantoms
  A wolf (Lair:6)
  19 centaurs
  47 ogres
  A boggart (Vaults:1)
  15 crocodiles
  2 human zombies (Vaults:1)
  2 big kobolds
  7 earth elementals (D:13)
  18 bullfrogs
  2 water moccasin zombies (Ossuary)
  Dowan (D:4)
  2 wyvern zombies
  A wyvern skeleton (D:14)
  A hornet simulacrum (D:15)
  7 scorpions
  15 wights
  9 killer bees
  6 jellies
  3 electric eels
  6 howler monkeys
  9 crimson imps
  A human simulacrum (Vaults:2)
  2 bullfrog zombies
  6 lava snakes
  2 quasits
  7 hounds
  3 centaur skeletons
  18 orc priests
  3 bullfrog skeletons
  2 iguanas
  Natasha (thrice) (D:4)
  16 orc wizards
  15 worker ants
  3 hound skeletons
  2 mummies (Ossuary)
  A worker ant zombie (D:7)
  18 adders
  3 shadow imps
  An ooze (D:2)
  10 adder zombies
  An adder skeleton (D:9)
  4 worms
  7 leopard geckos
  93 orcs
  A ball python (D:1)
  5 bats
  6 giant cockroaches
  3 gnoll zombies (Ossuary)
  14 goblins
  6 hobgoblins
  7 jackals
  4 quokkas
  7 frilled lizards
  3 hobgoblin zombies (Ossuary)
  2 jackal skeletons
  9 kobolds
  2 kobold zombies (Ossuary)
  A leopard gecko zombie (D:8)
  3 orc zombies (Ossuary)
  A quokka zombie (D:6)
  7 rats
  A rat zombie (D:6)
  5 briar patches (Swamp:3)
  5 fungi
  5 plants
1393 creatures vanquished.

Vanquished Creatures (others)
  A deep elf death mage (Vaults:1)
  A hydra (Swamp:1)
  An ogre mage (Vaults:2)
  A deep elf knight (Vaults:1)
  A deep elf archer (Vaults:1)
  A wizard (Vaults:1)
  A deep elf mage (Vaults:1)
  A slime creature (Vaults:1)
  2 jumping spiders
  An ogre (Orc:2)
  A scorpion (D:6)
  A leopard gecko zombie (D:6)
  A briar patch (Swamp:3)
  A bush (Lair:4)
  4 fungi (Lair:6)
  7 plants
26 creatures vanquished.

Grand Total: 1419 creatures vanquished

Notes
Turn   | Place    | Note
-------+----------+-------------------------------------------
     0 | D:1      | GordonOverkill the Demigod Fire Elementalist began the
                  | quest for the Orb.
     0 | D:1      | Reached XP level 1. HP: 14/14 MP: 5/5
    14 | D:1      | Reached skill level 1 in Fighting
   494 | D:1      | Reached XP level 2. HP: 23/23 MP: 4/7
  1381 | D:2      | Reached XP level 3. HP: 30/30 MP: 3/8
  1496 | D:2      | Reached skill level 1 in Axes
  2182 | D:3      | Reached XP level 4. HP: 34/37 MP: 1/9
  2809 | D:3      | Reached XP level 5. HP: 21/45 MP: 1/10
  3461 | D:4      | Noticed Natasha
  3486 | D:4      | Killed Natasha
  3678 | D:4      | Noticed Dowan
  3679 | D:4      | Noticed Duvessa
  3761 | D:4      | Killed Duvessa
  3770 | D:4      | Killed Dowan
  3770 | D:4      | Reached XP level 6. HP: 25/51 MP: 0/11
  3970 | D:4      | Reached skill level 5 in Axes
  4345 | D:4      | Noticed Natasha
  4351 | D:4      | Killed Natasha
  4503 | D:4      | Found a staircase to the Ecumenical Temple.
  4528 | D:4      | Found a blossoming altar of Fedhas.
  4528 | D:4      | Found a glowing silver altar of Zin.
  4728 | D:4      | Found Duudduci's Food Boutique.
  4757 | D:4      | Reached XP level 7. HP: 27/57 MP: 5/12
  4757 | D:4      | Noticed Natasha
  4771 | D:4      | Killed Natasha
  5046 | D:5      | Entered Level 5 of the Dungeon
  5155 | D:5      | Noticed Eustachio
  5163 | D:5      | Killed Eustachio
  5336 | D:6      | Noticed Pikel
  5345 | D:6      | Killed Pikel
  5345 | D:6      | Reached XP level 8. HP: 43/63 MP: 13/13
  5602 | D:6      | Noticed a hippogriff
  5613 | D:6      | Killed a hippogriff
  5613 | D:6      | Reached skill level 10 in Axes
  5630 | D:6      | Got a steaming ring mail
  5641 | D:6      | Identified the +3 ring mail of Itset {Dex+4} (You found it
                  | on level 6 of the Dungeon)
  5655 | D:6      | Found a sand-covered staircase.
  5662 | Ossuary  | Entered an ossuary
  5836 | Ossuary  | Reached skill level 1 in Armour
  6684 | D:5      | Reached XP level 9. HP: 32/71 MP: 14/14
  7376 | D:7      | Noticed Joseph
  7950 | D:7      | Reached skill level 5 in Fighting
  8191 | D:7      | Found a runed translucent door.
  8192 | D:7      | Found a runed translucent door.
  8529 | D:7      | Killed Joseph
  8529 | D:7      | Reached skill level 1 in Evocations
  9362 | D:7      | Reached XP level 10. HP: 58/83 MP: 15/15
  9672 | D:7      | Noticed a six-headed hydra
  9676 | D:7      | Noticed a cyclops
  9775 | D:7      | Noticed a cyclops
  9828 | D:7      | Killed a cyclops
  9836 | D:7      | Killed a cyclops
  9843 | D:7      | Killed a one-headed hydra
  9852 | D:7      | Got a scorched broad axe
  9866 | D:7      | Got a fine marble ring
  9875 | D:7      | Identified the cursed +1 broad axe of Uskayaw's Hope {holy,
                  | Str+10 SInv} (You found it on level 7 of the Dungeon)
  9968 | D:7      | Identified the ring of Cunu {+Fly rPois Str+3 Dex+3} (You
                  | found it on level 7 of the Dungeon)
 10355 | D:8      | Noticed a two-headed ogre
 10368 | D:8      | Killed a two-headed ogre
 10584 | D:8      | Found a hazy altar of Hepliaklqana.
 11378 | D:9      | Found a runed translucent gate.
 11378 | D:9      | Found a runed translucent gate.
 11378 | D:9      | Found a runed translucent gate.
 11380 | D:9      | Found an opulent altar of Gozag.
 11397 | D:9      | Found a staircase to the Orcish Mines.
 11401 | D:9      | Reached XP level 11. HP: 77/89 MP: 18/18
 11418 | D:9      | Reached skill level 5 in Evocations
 11975 | D:9      | Found the +5 scythe "Finisher" {speed, eviscerate}
 12134 | D:9      | Found a staircase to the Lair.
 12376 | D:9      | Found Oqeiv's Assorted Antiques.
 12376 | D:9      | Noticed a deep troll earth mage
 12377 | D:9      | Noticed BluebellGnoll's ghost (novice GnEE)
 12397 | D:10     | Entered Level 10 of the Dungeon
 12482 | D:10     | Killed an unseen horror
 13317 | D:10     | Reached skill level 5 in Armour
 13762 | D:11     | Noticed a two-headed ogre
 13768 | D:11     | Killed a two-headed ogre
 14794 | D:12     | Noticed a two-headed ogre
 14811 | D:12     | Killed a two-headed ogre
 15066 | D:12     | Found Sanoagro's Distillery.
 15069 | D:12     | Bought a potion of heal wounds for 60 gold pieces
 15069 | D:12     | Bought a potion of heal wounds for 60 gold pieces
 15069 | D:12     | Bought a potion of resistance for 120 gold pieces
 15069 | D:12     | Bought a potion of resistance for 120 gold pieces
 15069 | D:12     | Bought a potion of might for 48 gold pieces
 15232 | D:12     | Noticed a two-headed ogre
 15239 | D:12     | Killed a two-headed ogre
 15707 | D:12     | Noticed an orc knight
 15717 | D:12     | Killed an orc knight
 15717 | D:12     | Reached XP level 12. HP: 16/101 MP: 20/20
 16060 | D:12     | Found a roughly hewn altar of Beogh.
 16220 | Lair:1   | Entered Level 1 of the Lair of Beasts
 16966 | Lair:2   | Noticed a six-headed hydra
 16976 | Lair:2   | Killed a two-headed hydra
 17892 | Lair:2   | Found a hole to the Spider Nest.
 18123 | Lair:3   | Noticed a seven-headed hydra
 18131 | Lair:3   | Killed a three-headed hydra
 18741 | Lair:3   | Reached skill level 15 in Axes
 19288 | Lair:3   | Noticed a four-headed hydra
 19294 | Lair:3   | Killed a one-headed hydra
 19490 | Lair:4   | Reached XP level 13. HP: 111/111 MP: 22/22
 19545 | Lair:4   | Reached skill level 1 in Shields
 19904 | Lair:4   | Found a staircase to the Swamp.
 21534 | Lair:5   | Found a dark tunnel.
 21560 | Volcano  | Entered a volcano
 21720 | Volcano  | Found a burning altar of Makhleb.
 22221 | Lair:5   | Found a viscous altar of Jiyva.
 22221 | Lair:5   | Found a staircase to the Slime Pits.
 22675 | Lair:6   | Entered Level 6 of the Lair of Beasts
 23224 | Lair:6   | Reached skill level 10 in Fighting
 23757 | Lair:6   | Reached XP level 14. HP: 83/122 MP: 23/23
 25322 | Lair:6   | Upgraded the game from 0.24-a0-524-gf43b32f898 to
                  | 0.24-a0-525-g9231cdcba1
 26616 | D:13     | Found Zatrimou's Antique Weapon Shoppe.
 27963 | D:13     | Found a gate to the Vaults.
 28150 | D:14     | Found a portal to a secret trove of treasure.
 28510 | D:14     | Found a deep blue altar of Sif Muna.
 29259 | D:15     | Entered Level 15 of the Dungeon
 29507 | D:15     | Reached XP level 15. HP: 109/134 MP: 24/24
 30345 | D:15     | Found a staircase to the Depths.
 30747 | Orc:1    | Entered Level 1 of the Orcish Mines
 31013 | Orc:1    | Found a burning altar of Makhleb.
 31129 | Orc:1    | Found a roughly hewn altar of Beogh.
 31310 | Orc:2    | Entered Level 2 of the Orcish Mines
 31584 | Orc:2    | Noticed Erolcha
 31764 | Orc:2    | Killed Erolcha
 32076 | Orc:2    | Found Vaatsoic's Assorted Antiques.
 32109 | Orc:2    | Found Oliugar's Magic Scroll Shoppe.
 32116 | Orc:2    | Found Paaxaryhi's Magic Scroll Shop.
 32128 | Orc:2    | Found Dieng's Food Emporium.
 32129 | Orc:2    | Found Nusihoarph's Magic Scroll Emporium.
 32494 | Orc:2    | Found a staircase to the Elven Halls.
 32642 | Orc:2    | Bought a scroll of enchant weapon for 90 gold pieces
 32642 | Orc:2    | Bought a scroll of enchant weapon for 90 gold pieces
 32650 | Orc:2    | Bought a scroll of enchant weapon for 127 gold pieces
 32656 | Orc:2    | Bought a scroll of enchant weapon for 135 gold pieces
 32668 | Orc:2    | Bought a scroll of fog for 24 gold pieces
 32668 | Orc:2    | Bought a scroll of acquirement for 624 gold pieces
 32671 | Orc:2    | Got a pair of faintly glowing boots
 32672 | Orc:2    | Identified the +0 pair of boots of Inquiry {-Cast rPois
                  | Str+2} (You acquired it on level 2 of the Orcish Mines)
 32684 | Orc:2    | Bought a scroll of teleportation for 54 gold pieces
 32684 | Orc:2    | Bought a scroll of enchant armour for 135 gold pieces
 32684 | Orc:2    | Bought a scroll of blinking for 135 gold pieces
 32706 | Orc:2    | Bought a scroll of fog for 34 gold pieces
 32706 | Orc:2    | Bought a scroll of teleportation for 51 gold pieces
 32706 | Orc:2    | Bought a scroll of teleportation for 51 gold pieces
 32706 | Orc:2    | Bought a scroll of teleportation for 51 gold pieces
 32735 | Orc:2    | Bought a potion of curing for 108 gold pieces
 32735 | Orc:2    | Bought a potion of cancellation for 288 gold pieces
 32735 | Orc:2    | Bought a potion of resistance for 360 gold pieces
 32859 | Swamp:1  | Entered Level 1 of the Swamp
 33240 | Swamp:1  | Reached skill level 10 in Armour
 33459 | Swamp:1  | Found the +3 robe of Folly {Archmagi, MR-- Int+5}
 33530 | Swamp:1  | Noticed Josephine
 33542 | Swamp:1  | Killed Josephine
 36011 | Swamp:3  | Noticed a thorn hunter
 36024 | Swamp:3  | Killed a thorn hunter
 36024 | Swamp:3  | Reached skill level 15 in Fighting
 36024 | Swamp:3  | Reached XP level 16. HP: 72/149 MP: 25/25
 36595 | Swamp:4  | Entered Level 4 of the Swamp
 36991 | Swamp:4  | Noticed Aizul
 37008 | Swamp:4  | Killed Aizul
 37809 | Swamp:4  | Reached skill level 5 in Dodging
 37914 | Swamp:4  | Noticed the 27-headed Lernaean hydra
 37923 | Swamp:4  | Killed the 22-headed Lernaean hydra
 38748 | Swamp:4  | Got a decaying rune of Zot
 39564 | Spider:1 | Entered Level 1 of the Spider Nest
 40979 | Spider:2 | Noticed Roxanne
 40991 | Spider:2 | Killed Roxanne
 42002 | Spider:2 | Noticed Agnes
 42009 | Spider:2 | Killed Agnes
 42135 | Spider:2 | Reached skill level 5 in Shields
 42142 | Spider:2 | Reached XP level 17. HP: 138/156 MP: 28/28
 43188 | Spider:3 | Got a spiked chain mail
 43189 | Spider:3 | Identified the cursed +0 chain mail of Watchfulness {rElec
                  | rPois} (You found it on level 3 of the Spider Nest)
 43840 | Spider:3 | Found a transporter.
 44192 | Spider:3 | Found a transporter.
 44669 | Spider:3 | Got a warped lapis lazuli ring
 44682 | Spider:3 | Got a translucent lapis lazuli ring
 44693 | Spider:3 | Identified the ring "Zikowid" {Fire *Corrode rElec MR++
                  | Int+9} (You found it on level 3 of the Spider Nest)
 44695 | Spider:3 | Identified the ring of Teriregu {rC+ rN+ Int-4 Dex+5} (You
                  | found it on level 3 of the Spider Nest)
 44751 | Spider:4 | Entered Level 4 of the Spider Nest
 46780 | Spider:4 | Got a gossamer rune of Zot
 47147 | Vaults:1 | Entered Level 1 of the Vaults
 47170 | Vaults:1 | Reached skill level 10 in Shields
 48310 | Vaults:1 | Reached XP level 18. HP: 152/167 MP: 29/29
 48348 | Vaults:1 | Reached skill level 10 in Evocations
 50054 | Vaults:2 | Found Moytauv's Gadget Shoppe.
 50231 | Vaults:2 | Found a staircase to the Crypt.
 50410 | Vaults:2 | Found an opulent altar of Gozag.
 51060 | Vaults:2 | Noticed a tentacled monstrosity
 51232 | Vaults:2 | HP: 12/258 [sphinx simulacrum[a necromancer] (47)]
 51235 | Vaults:2 | Mangled by a sphinx simulacrum

Levels and vault maps discovered:
D:1:      ncdulo_lavacross, layout_basic
D:2:      layout_rooms, st_stairs_4
D:3:      layout_rooms, minmay_starry_boxes
D:4:      layout_loops_ring, gammafunk_temple_overflow_pools, temple_pool_b,
          serial_shops, nicolae_shop_trees, uniq_duvessa, uniq_natasha
D:5:      layout_loops_ring, first_ration, uniq_eustachio
D:6:      layout_basic, enter_ossuary_4, st_stairs_13, uniq_pikel
D:7:      minmay_the_grid_triangle_9x9_rhombus_full
          [minmay_the_grid_triangle_9x9_descending_squares,
          minmay_the_grid_triangle_9x9_negative_grid,
          minmay_the_grid_triangle_9x9_intruding_spiral,
          minmay_the_grid_triangle_9x9_tough_junction,
          minmay_the_grid_triangle_9x9_stretched_checkered,
          minmay_the_grid_triangle_9x9_steps,
          minmay_the_grid_triangle_9x9_from_above,
          minmay_the_grid_triangle_9x9_prize_insulated], layout_loops_cross,
          the_bakery, minmay_ruffians, uniq_joseph
D:8:      layout_basic, basic_altar, fountainhead, minivault_27
D:9:      layout_irregular_city, david_lair_shrubbed, erik_orc_3,
          ebering_ghost_gozag, minmay_guarded_unrand_finisher
D:10:     layout_basic
D:11:     layout_basic
D:12:     layout_loops_ring, special_room [special_room_orc], serial_shops, shop
D:13:     layout_small_grid, david_vaults_2, special_room [special_room_orc],
          serial_shops, nicolae_shop_crystal, grunt_decor_arrowhead,
          minivault_27, minmay_misc_feat_cross, hangedman_cracks_in_the_wall
D:14:     layout_long_grid, enter_trove_0, lemuel_crystal_altar
D:15:     grunt_enter_depths_snipers, layout_stronghold, hangedman_decor_growths
Lair:1:   layout_chaotic_city, st_stairs_6
Lair:2:   layout_big_grid, dummy_spider_entry, grunt_megastairs_4,
          minmay_lair_oklob_chamber, infiniplex_staircase_pool_2
Lair:3:   layout_layer_cave, grunt_forest_large_clearing_hut
Lair:4:   layout_cave_pods, minmay_swamp_entry_worms,
          cheibrodos_lair_reptile_den
Lair:5:   layout_gridlike, slime_altar_1, enter_volcano_3, serial_bayou_shore_a
Lair:6:   hangedman_lair_in_review, layout_gridlike
Swamp:1:  layout_basic_swamp, serial_swamp_ruin, evilmike_swamp_ruin_house_4,
          evilmike_swamp_ruin_house_2, swamp_pool1,
          cheibrodos_swamp_pet_leeches, uniq_josephine
Swamp:2:  layout_falls_marsh, evilmike_swamp_ruin_house_3, swamp_pool1,
          nicolae_swamp_dense_foliage
Swamp:3:  layout_basic_swamp, hangedman_swamp_cone
Swamp:4:  swamp_old_school, layout_basic_swamp, uniq_aizul
Spider:1: layout_spider_delve, guppyfry_spider_mini_3
Spider:2: layout_chambers, uniq_agnes, uniq_roxanne
Spider:3: gammafunk_its_a_trap
Spider:4: grunt_spider_rune_circles
Orc:1:    layout_caves, hangedman_feature_mirror
Orc:2:    st_orc_open, layout_caves, serial_shops, shop, uniq_erolcha
Vaults:1: v_misc_24, vaults_room_grid, nicolae_vaults_mini_display_case,
          v_misc_8, nicolae_vaults_alarming, v_alt_pattern_5,
          hangedman_vaults_hat, hangedman_vaults_variations,
          nicolae_vaults_little_squares_5, vaults_room_grunt_arrival_ludios,
          layout_vaults_omnigrid
Vaults:2: vaults_standard_mumra_enter_the_diamond, hangedman_vaults_capsules,
          dpeg_vaults_pockets_of_resistance, minmay_crypt_entry_simple_statues,
          nicolae_vaults_windows_and_doors_thing,
          nicolae_vaults_network_barrier, nicolae_vaults_twisting_passages,
          nicolae_vaults_border_crossing, ontoclasm_vaults_shuriken,
          v_alt_pattern_3, nicolae_vaults_little_squares_2,
          grunt_vaults_hallway_long, ontoclasm_vaults_idyll,
          layout_vaults_big_cross, basic_altar, serial_shops, shop

Skill      XL: |  1  2  3  4  5  6  7  8  9 10 11 12 13 14 15 16 17 18 |
---------------+-------------------------------------------------------+-----
Fighting       | 1 2 3 6 8 9 10 12 15 16 18 | 18.1
Axes           | 2 3 4 6 8 10 12 14 15 16 18 | 18.0
Dodging        | 2 3 8 |  8.0
Armour         | 2 4 5 7 10 11 | 11.0
Evocations     | 3 4 6 7 9 10 | 10.0
Shields        | 4 5 10 12 | 12.2
Stealth        | |  1.7
Spellcasting   | |  1.7
Conjurations   | |  0.8
Fire Magic     | |  2.6

Action                   |  1- 3 |  4- 6 |  7- 9 | 10-12 | 13-15 | 16-18 || total
-------------------------+-------+-------+-------+-------+-------+-------++-------
Melee: Unarmed           |    24 |       |       |       |       |       ||    24
       Club              |     3 |       |       |       |       |       ||     3
       Hand axe          |     4 |    18 |       |       |       |       ||    22
       War axe           |       |       |   218 |       |       |       ||   218
       Battleaxe         |       |       |    94 |    70 |       |       ||   164
       Flail             |       |       |    77 |       |       |       ||    77
       Broad axe         |       |       |       |   668 |  1369 |  1474 ||  3511
Throw: Stone             |    41 |       |    17 |       |       |       ||    58
       Boomerang         |    27 |    51 |    27 |     9 |     2 |     1 ||   117
 Cast: Flame Tongue      |    77 |    98 |    17 |       |       |       ||   192
 Abil: Evoke Berserk Rag |       |       |       |    17 |    16 |    15 ||    48
       Evoke Invisibilit |       |       |       |       |     1 |    13 ||    14
Evoke: Wand              |       |       |       |     7 |     7 |     4 ||    18
  Use: Potion            |       |     3 |     4 |     1 |       |     2 ||    10
       Scroll            |       |       |    15 |    20 |    16 |    14 ||    65
 Stab: Sleeping          |       |       |     1 |     1 |       |       ||     2
       Petrified         |       |       |       |       |     6 |       ||     6
       Distracted        |       |       |       |       |     1 |       ||     1
       Petrifying        |       |       |       |       |     1 |       ||     1
       Invisible         |       |       |       |       |    18 |    73 ||    91
  Eat: Chunk             |     5 |    10 |    12 |    38 |    49 |    44 ||   158
       Ration            |       |       |     1 |     3 |     5 |     7 ||    16
Armor: Robe              |    14 |     7 |       |       |       |       ||    21
       Leather armour    |       |     6 |     7 |       |       |       ||    13
       Chain mail        |       |       |    29 |       |     4 |       ||    33
       Ring mail         |       |       |    92 |    77 |       |       ||   169
       Skin              |       |       |    34 |       |       |       ||    34
       Plate armour      |       |       |       |   426 |   755 |   780 ||  1961
       Fire dragon scale |       |       |       |       |       |    65 ||    65
Dodge: Dodged            |    49 |    43 |   239 |   286 |   398 |   577 ||  1592
Block: Buckler           |       |       |       |       |   295 |   101 ||   396
       Shield            |       |       |       |       |       |   541 ||   541

Table legend:
 A = Non-vault XP
 B = Vault XP
 C = Vault XP percentage of total XP
 D = Non-vault monster count
 E = Vault monster count
 F = Vault count percentage of total count
                 A         B        C        D         E       F
            +---------+---------+-------+---------+---------+-------
      Total |  252245 |  183857 |  42.2 |     961 |     426 |  30.7
            +---------+---------+-------+---------+---------+-------
        D:1 |      40 |       0 |   0.0 |      23 |       0 |   0.0
        D:2 |      47 |       3 |   6.0 |      16 |       2 |  11.1
        D:3 |     134 |      21 |  13.5 |      25 |       7 |  21.9
        D:4 |     423 |     266 |  38.6 |      11 |       3 |  21.4
        D:5 |     750 |     203 |  21.3 |      20 |       1 |   4.8
        D:6 |     662 |     761 |  53.5 |      12 |       4 |  25.0
        D:7 |    1239 |    4998 |  80.1 |      27 |      26 |  49.1
        D:8 |    2695 |       0 |   0.0 |      33 |       0 |   0.0
        D:9 |    1176 |    1830 |  60.9 |      22 |      22 |  50.0
       D:10 |    3089 |       0 |   0.0 |      31 |       0 |   0.0
       D:11 |    3434 |       0 |   0.0 |      21 |       0 |   0.0
       D:12 |    2814 |    1609 |  36.4 |      11 |      25 |  69.4
       D:13 |   14870 |    4843 |  24.6 |      55 |      27 |  32.9
       D:14 |   12647 |       0 |   0.0 |      39 |       0 |   0.0
       D:15 |    9771 |    2335 |  19.3 |      26 |       3 |  10.3
     Lair:1 |    1872 |       0 |   0.0 |      10 |       0 |   0.0
     Lair:2 |    8080 |     882 |   9.8 |      30 |       4 |  11.8
     Lair:3 |    6450 |    1477 |  18.6 |      29 |       3 |   9.4
     Lair:4 |   10259 |     664 |   6.1 |      39 |       8 |  17.0
     Lair:5 |    2951 |     290 |   8.9 |      15 |       2 |  11.8
     Lair:6 |   10982 |   11738 |  51.7 |      29 |      21 |  42.0
    Swamp:1 |   10668 |    2690 |  20.1 |      27 |       8 |  22.9
    Swamp:2 |   10461 |       0 |   0.0 |      33 |       0 |   0.0
    Swamp:3 |    7540 |       0 |   0.0 |      19 |       0 |   0.0
    Swamp:4 |   17900 |   22498 |  55.7 |      46 |      28 |  37.8
   Spider:1 |   13389 |    1877 |  12.3 |      41 |       7 |  14.6
   Spider:2 |   15092 |    4269 |  22.0 |      40 |       2 |   4.8
   Spider:3 |   14744 |    1899 |  11.4 |      49 |       7 |  12.5
   Spider:4 |   13316 |   22935 |  63.3 |      30 |      40 |  57.1
      Orc:1 |    1938 |     831 |  30.0 |      23 |       4 |  14.8
      Orc:2 |    2630 |   15787 |  85.7 |      23 |      35 |  60.3
   Vaults:1 |   26667 |   25455 |  48.8 |      57 |      38 |  40.0
   Vaults:2 |   23515 |   49034 |  67.6 |      49 |      57 |  53.8
    Ossuary |       0 |     259 | 100.0 |       0 |      24 | 100.0
    Volcano |       0 |    4403 | 100.0 |       0 |      18 | 100.0
            +---------+---------+-------+---------+---------+-------
